 Dungeon Crawl Stone Soup version 0.21.1 (webtiles) character file.

933 komo4ek the Basher (level 8, -1/75 HPs)
             Began as an Ogre Hunter on Feb 2, 2018.
             Shot with an arrow by a centaur (9 damage)
             ... on level 5 of the Dungeon.
             The game lasted 00:17:57 (6652 turns).

komo4ek the Basher (Ogre Hunter)                    Turns: 6652, Time: 00:17:57

Health: -1/75      AC:  4    Str: 19    XL:     8   Next: 11%
Magic:  8/8        EV: 10    Int: 12    God:
Gold:   183        SH:  0    Dex:  9    Spells: 7/7 levels left

rFire    x . .     SeeInvis .   m - +0 giant club
rCold    + . .     Gourm    .   (shield currently unavailable)
rNeg     . . .     Faith    .   b - +0 robe
rPois    +         Spirit   .   (helmet restricted)
rElec    .         Reflect  .   c - +0 cloak
rCorr    .         Harm     .   (gloves unavailable)
MR       .....                  (boots unavailable)
Stlth    +.........             (no amulet)
HPRegen  0.22/turn              j - ring of poison resistance
MPRegen  0.11/turn              x - ring of ice

@: berserk cooldown, slowed, very slow
A: large, unfitting armour, tough skin 1
a: no special abilities


You were on level 5 of the Dungeon.
You were hungry.

You visited 1 branch of the dungeon, and saw 5 of its levels.

You collected 183 gold pieces.

Inventory:

Hand Weapons
 i - a +1 whip of holy wrath
 m - a +0 giant club (weapon)
Missiles
 d - a throwing net (quivered)
 k - 148 stones
 n - 3 tomahawks
 p - 17 poisoned needles
Armour
 b - a +0 robe (worn)
 c - a +0 cloak (worn)
Jewellery
 j - a ring of poison resistance (left hand)
 x - a ring of ice (right hand)
Scrolls
 a - a scroll of noise
 g - a scroll of identify
 u - a scroll of remove curse
 y - a scroll of fear {unknown}
 B - a scroll of fog {unknown}
 D - a scroll of blinking
Potions
 e - 6 potions of curing
 l - a potion of brilliance {unknown}
 q - a potion of ambrosia {unknown}
 r - a potion of resistance {unknown}
 s - 3 potions of flight
 z - 2 potions of mutation
Books
 A - a book of Maledictions

   Spells                             Type                      Level
   a - Corona                         Hexes                        1
   b - Ensorcelled Hibernation        Hexes/Ice                    2
   c - Confuse                        Hexes                        3
   d - Tukima's Dance                 Hexes                        3
   e - Dazzling Spray                 Conjuration/Hexes            3
Comestibles
 f - 8 rations


   Skills:
 + Level 3.0 Fighting
   Level 0.1 Short Blades
 + Level 8.0 Maces & Flails
 + Level 4.0 Throwing
 + Level 2.0 Dodging
 - Level 0.6 Stealth


You had 7 spell levels left.
You didn't know any spells.

Dungeon Overview and Level Annotations

Branches:
Dungeon (5/15)
 Temple: D:4-7

Altars:
Gozag
Makhleb
Trog
Vehumet

Annotations:
D:2 Terence
D:4 Andry07's ghost, amateur GrFi


Innate Abilities, Weirdness & Mutations

You are too large for most types of armour.
You have tough skin. (AC +1)


Message History

Unknown command.
As you read the scroll of teleportation, it crumbles to dust.
You feel strangely unstable.
The sky beast hits you but does no damage.
The sky beast hits you but does no damage.
Your surroundings suddenly seem different.
You start resting.
A centaur comes into view. It is wielding a falchion.
The centaur shouts!
The centaur unwields an uncursed falchion.
The centaur wields a shortbow.
The centaur shoots an arrow.
The arrow closely misses you.
You see here an arrow.
The centaur shoots an arrow.
The arrow hits you!
* * * LOW HITPOINT WARNING * * *
The centaur shoots an arrow.
The arrow barely misses you.
You see here an arrow.
Okay, then.
You feel better.
The centaur shoots an arrow.
The arrow hits you!
You die...

..... .
#..... ...
.# #.#.##.
#.#...#.#
#.......
#########.#
.......
sY........#
##.#c..#
#########.#
......#
#.#...#
#@#...#.##
#.(.......
###.#.#.##
.# ##


You could see a centaur.

Vanquished Creatures
  Sigmund (D:5)
  Eustachio (D:5)
  An ogre (D:3)
  A centaur (D:4)
  A scorpion (D:4)
  A hound (D:4)
  2 orc priests (D:3)
  Crazy Yiuf (D:3)
  An orc wizard (D:3)
  An iguana (D:4)
  Natasha (thrice) (D:3)
  A worker ant (D:5)
  4 adders
  A shadow imp (D:5)
  An adder skeleton (D:4)
  A worm (D:2)
  6 dart slugs
  3 leopard geckos
  8 orcs
  5 giant cockroaches
  8 goblins
  6 hobgoblins
  11 jackals
  11 kobolds
  3 quokkas
  8 bats
  8 frilled lizards
  7 rats
106 creatures vanquished.

Notes
Turn   | Place    | Note
-------+----------+-------------------------------------------
     0 | D:1      | komo4ek the Ogre Hunter began the quest for the Orb.
     0 | D:1      | Reached XP level 1. HP: 22/22 MP: 1/1
   295 | D:1      | Reached XP level 2. HP: 27/29 MP: 2/2
   297 | D:1      | Reached skill level 1 in Maces & Flails
   664 | D:1      | Reached XP level 3. HP: 29/36 MP: 3/3
   680 | D:1      | Reached skill level 2 in Maces & Flails
  1421 | D:2      | Found a radiant altar of Vehumet.
  1449 | D:2      | Reached skill level 3 in Maces & Flails
  1449 | D:2      | Reached XP level 4. HP: 29/44 MP: 4/4
  1948 | D:2      | Noticed Terence
  2181 | D:3      | Reached XP level 5. HP: 25/52 MP: 5/5
  2714 | D:3      | Reached skill level 4 in Maces & Flails
  2996 | D:3      | Found a runed door.
  3788 | D:3      | Noticed Natasha
  3789 | D:3      | Killed Natasha
  3789 | D:3      | Reached skill level 5 in Maces & Flails
  3789 | D:3      | Reached XP level 6. HP: 59/59 MP: 6/6
  3891 | D:3      | Noticed Natasha
  3900 | D:3      | Killed Natasha
  3910 | D:3      | Noticed Natasha
  3928 | D:3      | Killed Natasha
  4237 | D:3      | Found an opulent altar of Gozag.
  4347 | D:3      | Noticed Crazy Yiuf
  4348 | D:3      | Killed Crazy Yiuf
  4405 | D:4      | Noticed Andry07's ghost (amateur GrFi)
  4928 | D:2      | Found a burning altar of Makhleb.
  5221 | D:4      | Found a bloodstained altar of Trog.
  5617 | D:4      | Reached skill level 6 in Maces & Flails
  5617 | D:4      | Reached XP level 7. HP: 27/66 MP: 7/7
  6286 | D:5      | Entered Level 5 of the Dungeon
  6309 | D:5      | Noticed Eustachio
  6387 | D:5      | Killed Eustachio
  6387 | D:5      | Reached skill level 7 in Maces & Flails
  6556 | D:5      | Noticed Sigmund
  6561 | D:5      | Killed Sigmund
  6561 | D:5      | Reached skill level 8 in Maces & Flails
  6561 | D:5      | Reached XP level 8. HP: 71/74 MP: 8/8
  6651 | D:5      | HP: 3/75 [centaur/arrow (15)]
  6652 | D:5      | Shot with an arrow by a centaur

Skill      XL: |  1  2  3  4  5  6  7  8 |
---------------+-------------------------+-----
Maces & Flails | 1 3 5 6 8 |  8.0
Fighting       | 3 |  3.0
Dodging        | 2 |  2.0
Short Blades   | |  0.1
Throwing       | |  4.0
Stealth        | |  0.6

Action                   |  1- 3 |  4- 6 |  7- 9 || total
-------------------------+-------+-------+-------++-------
Melee: Short sword       |    12 |       |       ||    12
       Whip              |   144 |   230 |     4 ||   378
       Giant club        |       |       |    49 ||    49
Throw: Large rock        |       |    26 |    10 ||    36
       Tomahawk          |       |     3 |       ||     3
       Throwing net      |       |       |     2 ||     2
Evoke: Wand              |       |     5 |     3 ||     8
  Use: Scroll            |       |    10 |     1 ||    11
       Potion            |       |     2 |     4 ||     6
 Stab: Sleeping          |       |     1 |       ||     1
  Eat: Chunk             |     2 |     9 |       ||    11
       Ration            |       |     2 |       ||     2
Armor: Robe              |    51 |    74 |    34 ||   159
Dodge: Dodged            |    84 |   137 |    30 ||   251
